 Dungeon Crawl Stone Soup version 0.26-a0-1086-g9010512d90 (console) character file.

Game seed: 10185027884679262568

114 om the Cudgeller (level 4, -2/40 HPs)
             Began as a Draconian Berserker on Dec 14, 2020.
             Was a Believer of Trog.
             Slain by Natasha (3 damage)
             ... on level 2 of the Dungeon.
             The game lasted 00:04:04 (2377 turns).

om the Cudgeller (Draconian Berserker)              Turns: 2377, Time: 00:04:04

Health: -2/40      AC:  5    Str: 20    XL:     4   Next: 67%
Magic:  4/4        EV: 13    Int:  7    God:    Trog [**....]
Gold:   122        SH:  0    Dex: 11    Spells: 3/3 levels left

rFire    . . .     SeeInvis .   a - +0 mace
rCold    . . .     Faith    .   (no shield)
rNeg     . . .     Spirit   .   (armour unavailable)
rPois    .         Reflect  .   (helmet restricted)
rElec    .         Harm     .   (no cloak)
rCorr    .         Rampage  .   (no gloves)
Will     .....                  (no boots)
Stlth    +.........             g - amulet of magic regeneration
HPRegen  0.13/turn              (no ring)
MPRegen  0.34/turn              (no ring)

@: berserk cooldown, slowed, very slow
A: unfitting armour, cold-blooded, AC +5
a: Berserk, Trog's Hand, Renounce Religion


You were on level 2 of the Dungeon.
You worshipped Trog.
Trog was pleased with you.
You visited 1 branch of the dungeon, and saw 2 of its levels.

You collected 122 gold pieces.

Inventory:

Hand Weapons
 a - a +0 mace (weapon)
 c - a +1 whip of distortion
Jewellery
 g - an amulet of magic regeneration (around neck)
Wands
 f - a wand of polymorph (6)
Scrolls
 b - 2 scrolls of identify {unknown}
 d - a scroll of teleportation {unknown}
 e - a scroll of remove curse
 i - a scroll of enchant weapon {unknown}
 l - a scroll of blinking {unknown}
Potions
 h - a potion of attraction {unknown}


   Skills:
 - Level 4.0 Fighting
 * Level 4.4 Maces & Flails
 + Level 3.4 Dodging


You had 3 spell levels left.
You didn't know any spells.
Your spell library was empty.

Dungeon Overview and Level Annotations

Branches:
Dungeon (2/15)

Altars:
Elyvilon
Sif Muna

Annotations:
D:2 Natasha


Innate Abilities, Weirdness & Mutations

Your plain brown scales are hard. (AC +5)
You cannot fit into any form of body armour.
You are cold-blooded and may be slowed by cold attacks.


Message History

You start resting.
You feel your anger nearly subside.
You are no longer berserk.
You are exhausted.
You feel yourself slow down.
You start resting.
Natasha, Servant of Life and Death comes into view.
She is carrying a wand of flame (17).
Natasha is nearby!
You barely miss Natasha.
Natasha mumbles some strange words.
Natasha zaps a wand.
The puff of flame misses you.
You closely miss Natasha.
Your tail-slap misses Natasha.
Natasha claws you. The iron imp hits you!
* * * LOW HITPOINT WARNING * * *
You sock Natasha!
Natasha is severely wounded.
Natasha claws you.
* * * LOW HITPOINT WARNING * * *
The iron imp hits you!
* * * LOW HITPOINT WARNING * * *
Natasha claws you.
You die...

.......>.........#
######.##.#####.# #.##.#
#.# #.##.#####.#####
###.##...........[
#......#####.#####
#.#.##.#..........
#.#.##.#.###.#####
#.#..........# #
#.####5h........†)# #
#.....@.♣♣♣♣♣.###.# #
######.♣♣ ♣..##.### #
####†♣ ♣♣......###
##.##.♣ ♣♣..###....
#.....♣♣♣♣♣♣...# #.##.
##.##.......##.###>##.
####.###..##............
#.†..# ##.##.####...###.
#.#### #.##<# ##.## #.
#.# #.##.# #.# #. #.#
#.##.# #.####.


You could see an iron imp (summoned) and Natasha.

Vanquished Creatures
  Jessica (D:2)
  Natasha (twice) (D:2)
  An adder (D:2)
  2 leopard geckos (D:2)
  5 bats
  A giant cockroach (D:2)
  5 goblins
  4 hobgoblins
  A frilled lizard (D:2)
  5 kobolds
  2 rats
29 creatures vanquished.

Vanquished Creatures (others)
  A plant (D:1)
1 creature vanquished.

Grand Total: 30 creatures vanquished

Notes
Turn   | Place    | Note
-------+----------+-------------------------------------------
     0 | D:1      | om the Draconian Berserker began the quest for the Orb.
     0 | D:1      | Reached XP level 1. HP: 19/19 MP: 1/1
   492 | D:1      | Reached XP level 2. HP: 26/26 MP: 2/2
  1521 | D:2      | Reached XP level 3. HP: 31/31 MP: 3/3
  1689 | D:2      | Noticed Natasha
  1703 | D:2      | Killed Natasha
  2162 | D:2      | Noticed Jessica
  2165 | D:2      | Killed Jessica
  2166 | D:2      | Reached XP level 4. HP: 40/40 MP: 4/4
  2176 | D:2      | Reached ** piety under Trog
  2204 | D:2      | Found a white marble altar of Elyvilon.
  2204 | D:2      | Found a shimmering blue altar of Sif Muna.
  2350 | D:2      | Noticed Natasha
  2358 | D:2      | Killed Natasha
  2372 | D:2      | Noticed Natasha
  2377 | D:2      | HP: 1/40 [iron imp[Natasha] (9)]
  2377 | D:2      | Slain by Natasha

Illustrated notes

Levels and vault maps discovered:
D:1:      lightli_arrival_statuegarden, layout_basic, serial_bayou,
          serial_bayou_lagoon_a, serial_bayou_pond_e, serial_bayou_pond_d,
          serial_bayou_lagoon_b
D:2:      layout_loops_ring, gammafunk_temple_overflow_statue, nrook_campfire,
          uniq_natasha, uniq_jessica

Skill      XL: |  1  2  3 |
---------------+----------+-----
Dodging        | 3 |  3.4
Maces & Flails | 4 |  4.4
Fighting       | 4 |  4.0

Action                   |  1- 3 |  4- 6 || total
-------------------------+-------+-------++-------
Melee: Mace              |    85 |    13 ||    98
       Tailslap          |     9 |     2 ||    11
Invok: Berserk           |     3 |     1 ||     4
  Use: Potion            |     4 |       ||     4
       Scroll            |     2 |       ||     2
 Stab: Sleeping          |     1 |       ||     1
Armor: Skin              |    43 |     2 ||    45
Dodge: Dodged            |    73 |     8 ||    81

Table legend: (Time is in decaauts)
 A = Elapsed time spent in this place.
 B = Non-inter-level travel time spent in this place.
 C = Inter-level travel time spent in this place.
 D = Time resting spent in this place.
 E = Time spent auto-exploring this place.
 F = Levels seen in this place.
 G = Mean time per level.
                   A        B        C        D        E       F      G
               +--------+--------+--------+--------+--------+-----+--------+
         Total |   2455 |   2422 |     33 |    590 |   1485 |   2 | 1227.5 |
       Dungeon |   2455 |   2422 |     33 |    590 |   1485 |   2 | 1227.5 |
               +--------+--------+--------+--------+--------+-----+--------+

Top non-repeatable levels by time:
     D:1: 1300 daAuts
     D:2: 1155 daAuts
